 Dungeon Crawl Stone Soup version 0.31-a0-233-g139696dc86 (webtiles) character file.

Game seed: 14714255124715482416

156 qw the Shooter (level 5, -3/41 HPs)
             Began as a Minotaur Hexslinger on July 9, 2023.
             Slain by Blork the orc
             ... wielding a +0 glaive
              (15 damage)
             ... on level 4 of the Dungeon.
             The game lasted 00:00:51 (2723 turns).

qw the Shooter (Minotaur Hexslinger)                Turns: 2723, Time: 00:00:52

Health: -3/41      AC:  7    Str: 12    XL:     5   Next: 14%
Magic:  5/5        EV: 11    Int: 10    God:
Gold:   83         SH:  0    Dex: 15    Spells: 5/6 levels left

rFire   + . .        Y - +1 sling
rCold   . . .        (no shield)
rNeg    . . .        j - +0 ring mail
rPois   .            (helmet restricted)
rElec   .            (no cloak)
rCorr   .            k - +0 pair of gloves
SInv    .            e - +0 pair of boots {Stlth+}
Will    .....        d - amulet of faith
Stlth   ++           f - ring of protection from fire
HPRegen 0.26/turn    (no ring)
MPRegen 0.09/turn

%: faith
@: no status effects
A: horns 2, retaliatory headbutt
a: no special abilities


You were on level 4 of the Dungeon.
You visited 1 branch of the dungeon, and saw 4 of its levels.

You collected 123 gold pieces.
You spent 40 gold pieces at shops.


Innate Abilities, Weirdness & Mutations

You have a pair of horns on your head.
You reflexively headbutt those who attack you in melee.


   Skills:
 + Level 2.0 Fighting
 - Level 5.6 Ranged Weapons
 - Level 1.0 Armour
 - Level 2.1 Dodging
 - Level 1.0 Spellcasting
 - Level 2.0 Hexes


You had 5 spell levels left.
You knew the following spells:

 Your Spells              Type           Power      Damage    Failure   Level
a - Slow                  Hex            16%        N/A       34%         1

Your spell library contained the following spells:

 Spells                   Type           Power      Damage    Failure   Level
 Inner Flame              Hex/Fire       2%         N/A       83%         3
 Portal Projectile        Hex/Tloc       4%         N/A       83%         3
 Cause Fear               Hex            2%         N/A       98%         4

Inventory:

Hand Weapons
 Y - a +1 sling (weapon)
Armour
 e - a +0 pair of boots of stealth (worn)
 j - a +0 ring mail (worn)
 k - a +0 pair of gloves (worn)
Jewellery
 c - a ring of protection from cold
 d - an amulet of faith (around neck)
 f - a ring of protection from fire (left hand)
Scrolls
 g - a scroll of identify
Potions
 a - a potion of enlightenment {unknown}
 b - a potion of mutation {unknown}
 i - a potion of curing {unknown}

Dungeon Overview and Level Annotations

Branches:
Dungeon (4/15)
 Temple: D:4-7

Altars:

Shops:
D:2 ?

Annotations:
D:4 1 runed translucent door, Blork the orc; qw's ghost, novice GrHs


Message History

Blork the orc is heavily wounded.
Blork the orc barely misses you.
You shoot a sling bullet.
The sling bullet hits Blork the orc but does no damage.
Blork the orc is heavily wounded.
Blork the orc hits you from afar with a +0 glaive.
2715 ||| DRINKING potion of heal wounds.
You feel much better.
Blork the orc points at you and mumbles some strange words.
The puff of frost misses you.
You shoot a sling bullet.
The sling bullet closely misses Blork the orc.
Blork the orc closely misses you.
You shoot a sling bullet.
The sling bullet hits Blork the orc but does no damage.
Blork the orc is heavily wounded.
Blork the orc completely misses you.
You shoot a sling bullet.
The sling bullet closely misses Blork the orc.
Blork the orc closely misses you. Blork the orc barely misses you.
You shoot a sling bullet. The sling bullet hits Blork the orc.
Blork the orc is heavily wounded.
Blork the orc casts a spell.
Blork the orc seems to speed up.
You shoot a sling bullet. The sling bullet hits Blork the orc.
Blork the orc is almost dead.
Blork the orc hits you from afar with a +0 glaive. x2
You shoot a sling bullet.
The sling bullet barely misses Blork the orc.
Blork the orc points at you and mumbles some strange words.
The puff of flame hits you but does no damage.
You shoot a sling bullet. The sling bullet hits Blork the orc.
Blork the orc is almost dead.
Blork the orc gestures at you while chanting.
The puff of flame hits you. You resist.
Blork the orc hits you from afar with a +0 glaive!
You shoot a sling bullet.
The sling bullet closely misses Blork the orc.
Blork the orc hits you from afar with a +0 glaive!
You die...

...# .#.# #..
###.#.# .. .....#
.. .....# #. #o..#
#.####%..# #
#.#...@..##
#.###.............
##.........>.......
..<.....#####..###.
#######.### ....
#....## .##.#
#...###### ##
#######...+SSWS[
..........######


You could see Blork the orc (fast, resistant).

Vanquished Creatures
  A bullfrog (D:4)
  4 adders
  A worm (D:3)
  3 ball pythons
  7 bats
  3 endoplasms
  3 giant cockroaches
  7 goblins
  7 hobgoblins
  2 jackals (D:1)
  4 kobolds
  A quokka (D:3)
  5 frilled lizards
  3 rats (D:1)
51 creatures vanquished.

Notes
Turn   | Place    | Note
-------+----------+-------------------------------------------
     0 | D:1      | qw the Minotaur Hexslinger began the quest for the Orb.
     0 | D:1      | Reached XP level 1. HP: 16/16 MP: 1/1
     0 | D:1      | 0 ||| qw: Version: 0.3-a-51-g015441d
     0 | D:1      | 0 ||| qw: Game counter: 3805
     0 | D:1      | 0 ||| qw: Melee chars always use a shield: true
     0 | D:1      | 0 ||| qw: God list: Okawaru
     0 | D:1      | 0 ||| qw: Allow faded altars: false
     0 | D:1      | 0 ||| qw: Do Orc after clearing Dungeon:15 true
     0 | D:1      | 0 ||| qw: Do second Lair branch before Depths: true
     0 | D:1      | 0 ||| qw: Lair rune preference: random
     0 | D:1      | 0 ||| qw: Goals: Normal
     0 | D:1      | 0 ||| PLANNING D:1-11
    93 | D:1      | Reached skill level 3 in Ranged Weapons
    95 | D:1      | Reached XP level 2. HP: 22/23 MP: 2/2
   391 | D:1      | 391 ||| UPGRADING to ring of protection from fire.
   392 | D:1      | 392 ||| READING 2 scrolls labelled FUIZIE JAUSYSI.
   393 | D:1      | 393 ||| READING scroll labelled ZAGUXE PARHISH.
   394 | D:1      | 394 ||| READING scroll labelled HORONI ELUONLI.
   395 | D:1      | 395 ||| DROPPING scroll of immolation.
   396 | D:1      | 396 ||| DROPPING scroll of poison.
   444 | D:1      | You fall into a shaft and drop 1 floor!
   499 | D:2      | Reached XP level 3. HP: 29/29 MP: 3/3
   545 | D:2      | Found Caomac's Magic Scroll Shoppe.
   551 | D:2      | 551 ||| SHOPLISTING 2 scrolls of enchant weapon (150 gold,
                  | have 61).
   551 | D:2      | 551 ||| BUYING scroll of identify (20 gold).
   551 | D:2      | Bought a scroll of identify for 20 gold pieces
   551 | D:2      | 551 ||| BUYING scroll of identify (20 gold).
   551 | D:2      | Bought a scroll of identify for 20 gold pieces
   551 | D:2      | 551 ||| SHOPLISTING scroll of teleportation (30 gold, have
                  | 21).
   655 | D:2      | Reached skill level 4 in Ranged Weapons
   670 | D:2      | 670 ||| UPGRADING to amulet of faith.
   675 | D:2      | 675 ||| READING scroll labelled MAMYBBY MOANGO.
   676 | D:2      | 676 ||| READING scroll labelled MULIKO GOFIERE.
   777 | D:2      | 777 ||| DRINKING 2 fuming red potions.
   778 | D:2      | 778 ||| READING 3 scrolls of identify.
   778 | D:2      | 778 ||| IDENTIFYING amethyst potion
   779 | D:2      | 779 ||| DROPPING potion of brilliance.
  1372 | D:2      | Reached XP level 4. HP: 36/36 MP: 4/4
  1719 | D:2      | 1719 ||| UPGRADING to +0 pair of boots of stealth.
  1724 | D:2      | 1724 ||| UPGRADING to +0 ring mail.
  1734 | D:2      | 1734 ||| DROPPING +0 robe.
  1735 | D:2      | 1735 ||| READING 2 scrolls of identify.
  1735 | D:2      | 1735 ||| IDENTIFYING lumpy cyan potion
  1736 | D:2      | 1736 ||| DROPPING potion of lignification.
  2145 | D:3      | Reached skill level 1 in Armour
  2624 | D:3      | 2624 ||| UPGRADING to +0 pair of gloves.
  2629 | D:3      | 2629 ||| READING 2 scrolls labelled XUACHU MO PUDD.
  2630 | D:3      | 2630 ||| DRINKING 2 pink potions.
  2631 | D:3      | 2631 ||| DROPPING potion of attraction.
  2632 | D:3      | 2632 ||| DROPPING scroll of fog.
  2684 | D:4      | Found a runed translucent door.
  2685 | D:4      | Noticed qw's ghost (novice GrHs)
  2695 | D:4      | Noticed a bullfrog
  2705 | D:4      | Killed a bullfrog
  2706 | D:4      | Reached skill level 5 in Ranged Weapons
  2706 | D:4      | Reached XP level 5. HP: 39/41 MP: 5/5
  2707 | D:4      | Noticed Blork the orc
  2714 | D:4      | HP: 8/41 [Blork the orc/+0 glaive (5)]
  2715 | D:4      | 2715 ||| DRINKING potion of heal wounds.
  2723 | D:4      | Slain by Blork the orc

Levels and vault maps discovered:
D:1:      dpeg_arrival_shrine, layout_loops_ring,
          nicolae_kite_square_tiling_tiny
D:2:      layout_loops_corners, serial_shops, shop
D:3:      layout_basic, serial_rivers, chequers_serial_rivers_large_b,
          chequers_serial_rivers_marsh, chequers_serial_rivers_small_b,
          chequers_serial_rivers_micro_b, corexii_hall_statues_i
D:4:      layout_basic, ebering_ghost_sewer_d, uniq_blork_the_orc

Skill      XL: |  1  2  3  4 |
---------------+-------------+-----
Ranged Weapons | 3 4 5 |  5.6
Fighting       | 2 |  2.0
Armour         | 1 |  1.0
Dodging        | |  2.1
Spellcasting   | |  1.0
Hexes          | |  2.0

Action                     |  1- 3 |  4- 6 || total
---------------------------+-------+-------++-------
   Fire: Sling             |   100 |    78 ||   178
    Use: Scroll            |     6 |     2 ||     8
         Potion            |     1 |     2 ||     3
 Armour: Robe              |     2 |     3 ||     5
         Ring mail         |       |    10 ||    10
  Dodge: Dodged            |    34 |    27 ||    61

Table legend:
 A = Non-vault XP
 B = Vault XP
 C = Vault XP percentage of total XP
 D = Non-vault monster count
 E = Vault monster count
 F = Vault count percentage of total count
                 A         B        C        D         E       F
            +---------+---------+-------+---------+---------+-------
      Total |     223 |       0 |   0.0 |      51 |       0 |   0.0
            +---------+---------+-------+---------+---------+-------
        D:1 |      37 |       0 |   0.0 |      23 |       0 |   0.0
        D:2 |      67 |       0 |   0.0 |      19 |       0 |   0.0
        D:3 |      27 |       0 |   0.0 |       7 |       0 |   0.0
        D:4 |      92 |       0 |   0.0 |       2 |       0 |   0.0
            +---------+---------+-------+---------+---------+-------
